 Dungeon Crawl Stone Soup version 0.31-a0-963-ga325b2283a (webtiles) character file.

Game seed: 10110745052002155012

277 Gargoyl the Trooper (level 6, -7/58 HPs)
             Began as a Gargoyle Berserker on Oct 25, 2023.
             Was a Believer of Trog.
             Mangled by Edmund
             ... wielding a +6 heavy flail
              (13 damage)
             ... on level 4 of the Dungeon.
             The game lasted 00:02:26 (2049 turns).

Gargoyl the Trooper (Gargoyle Berserker)            Turns: 2049, Time: 00:02:27

Health: -7/58      AC: 11    Str: 21    XL:     6   Next: 26%
Magic:  6/6        EV: 12    Int:  7    God:    Trog [**....]
Gold:   116        SH:  0    Dex: 17    Spells: 5/5 levels left

rFire   + . .        a - +0 hand axe
rCold   . . .        (no shield)
rNeg    + . .        d - +0 ring mail
rPois   ∞            l - +0 helmet
rElec   +            (no cloak)
rCorr   .            (no gloves)
SInv    .            (no boots)
Will    .....        (no amulet) Stlth
                     i - ring of protection from fire
HPRegen 0.29/turn    q - +6 ring of dexterity
MPRegen 0.10/turn

%: no passive effects
@: berserking (expiring), very quick
A: sickness immunity, AC +4, negative energy resistance 1, electricity
resistance, torment resistance 1, petrification resistance
a: Renounce Religion, Berserk, Trog's Hand


You were on level 4 of the Dungeon.
You worshipped Trog.
Trog was pleased with you.
You visited 1 branch of the dungeon, and saw 4 of its levels.

You collected 241 gold pieces.
You spent 125 gold pieces at shops.

Inventory:

Hand Weapons
 a - a +0 hand axe (weapon)
Armour
 d - a +0 ring mail (worn)
 l - a +0 helmet (worn)
Jewellery
 i - a ring of protection from fire (left hand)
 q - a +6 ring of dexterity (right hand)
Scrolls
 e - 2 scrolls of revelation {unknown}
 g - a scroll of teleportation {unknown}
 m - a scroll of immolation {unknown}
 n - a scroll of fear {unknown}
 s - a scroll of noise {unknown}
Potions
 b - a potion of might {unknown}
 c - 3 potions of enlightenment {unknown}
 f - a potion of haste {unknown}
 h - a potion of berserk rage {unknown}
 j - a potion of invisibility {unknown}
 k - a potion of lignification {unknown}
 o - 2 potions of resistance {unknown}
 p - a potion of degeneration {unknown}
 r - 2 potions of curing {unknown}


   Skills:
 + Level 4.5 Fighting
 + Level 4.1 Axes
 * Level 4.0 Armour
 * Level 2.7 Dodging
 + Level 0.2 Stealth


You had 5 spell levels left.
You didn't know any spells.
Your spell library was empty.

Dungeon Overview and Level Annotations

Branches:
Dungeon (4/15)
 Temple: D:4-7

Altars:
Gozag

Shops:
D:3 **(

Annotations:
D:4 Edmund


Innate Abilities, Weirdness & Mutations

You are immune to sickness and miasma.
Your stone body is resilient. (AC +4)
You are immune to poison.
You resist negative energy. (rN+)
You are resistant to electric shocks. (rElec)
You are resistant to unholy torment.
You are immune to petrification.


Message History

You see here a hobgoblin corpse.
There is a faded altar of an unknown god here.
Done exploring.
Done exploring.
Done exploring.
What level of the Dungeon? (default 2, ? - help)
You see here a +0 ring mail.
There is a stone staircase leading down here.
You climb downwards.
Edmund shouts!
There is a stone staircase leading up here.
Edmund is nearby!
Edmund hits you with a +6 heavy flail!
A red film seems to cover your vision as you go berserk!
You feel yourself moving faster!
You feel mighty!
You feel a strong urge to attack something.
You hit Edmund.
Edmund is lightly wounded.
You hit Edmund.
Edmund is lightly wounded.
Edmund closely misses you.
You hit Edmund.
Edmund is lightly wounded.
You hit Edmund.
Edmund is moderately wounded.
Edmund hits you with a +6 heavy flail!!
* * * LOW HITPOINT WARNING * * *
You hit Edmund.
Edmund is moderately wounded.
You hit Edmund but do no damage.
Edmund is moderately wounded.
Edmund hits you with a +6 heavy flail!
* * * LOW HITPOINT WARNING * * *
You hit Edmund.
Edmund is heavily wounded.
You closely miss Edmund.
Edmund is heavily wounded.
Edmund hits you with a +6 heavy flail!
You die...
Edmund says, "I'd like to see a scythe do that!"

#### #..
##.###
#+#######....#
.......<#..#
...........#
......#.##.#.#
..###.#.#@@..#
. # #.####...#
#.# #### #.#
#.# #.


You could see Edmund.

Vanquished Creatures
  Grinder (D:3)
  Robin (D:2)
  2 adders (D:2)
  3 dart slugs
  An orc (D:3)
  5 bats
  4 endoplasms
  2 giant cockroaches (D:3)
  16 goblins
  5 hobgoblins
  8 kobolds
  A quokka (D:3)
  3 ball pythons
  A frilled lizard (D:3)
  3 rats
56 creatures vanquished.

Notes
Turn   | Place    | Note
-------+----------+-------------------------------------------
     0 | D:1      | Gargoyl the Gargoyle Berserker began the quest for the Orb.
     0 | D:1      | Reached XP level 1. HP: 14/14 MP: 1/1
   467 | D:1      | Reached XP level 2. HP: 19/19 MP: 2/2
   764 | D:2      | Found an opulent altar of Gozag.
   867 | D:2      | Noticed Robin
   876 | D:2      | Killed Robin
   877 | D:2      | Reached XP level 3. HP: 18/24 MP: 3/3
  1115 | D:2      | Reached XP level 4. HP: 29/29 MP: 4/4
  1169 | D:2      | Reached ** piety under Trog
  1476 | D:3      | Found Caced's Assorted Antiques.
  1532 | D:3      | Bought a shiny golden ring for 125 gold pieces
  1571 | D:3      | Noticed Grinder
  1586 | D:3      | Killed Grinder
  1587 | D:3      | Reached XP level 5. HP: 34/34 MP: 5/5
  1587 | D:3      | Reached XP level 6. HP: 39/39 MP: 6/6
  1741 | D:3      | Found Tyjop's Weapon Emporium.
  1834 | D:3      | Found Vaneu's General Store.
  1972 | D:3      | Found a faded altar of an unknown god.
  2036 | D:4      | Noticed Edmund
  2049 | D:4      | Mangled by Edmund

Illustrated notes

Levels and vault maps discovered:
D:1:      dpeg_arrival_rhombus, layout_basic, columned_hall_lemuel,
          minmay_pentomino_x2
D:2:      layout_basic, basic_altar, uniq_robin
D:3:      layout_rooms, serial_shops, nicolae_shop_tiny_real_fake_doors, shop,
          nicolae_shop_bloodbath_and_beyond,
          shapermc_ecumenical_altar_mp_highgroup,
          wander_ebering_terrifying_dragon_lair, uniq_grinder
D:4:      layout_basic, grunt_gozag_breadcrumbs, uniq_edmund, uniq_menkaure

Skill      XL: |  1  2  3  4  5  6 |
---------------+-------------------+-----
Dodging        | 2 |  2.7
Armour         | 3 4 |  4.0
Axes           | 3 4 |  4.1
Fighting       | 4 |  4.5
Stealth        | |  0.2

Action                     |  1- 3 |  4- 6 || total
---------------------------+-------+-------++-------
  Melee: Hand axe          |    70 |    98 ||   168
         Punch             |       |     1 ||     1
 Invoke: Berserk           |     2 |     2 ||     4
         Trog's Hand       |       |     1 ||     1
    Use: Scroll            |       |     1 ||     1
 Armour: Ring mail         |    62 |    68 ||   130
  Dodge: Dodged            |    51 |    62 ||   113

Table legend: (Time is in decaauts)
 A = Elapsed time spent in this place.
 B = Non-inter-level travel time spent in this place.
 C = Inter-level travel time spent in this place.
 D = Time resting spent in this place.
 E = Time spent auto-exploring this place.
 F = Levels seen in this place.
 G = Mean time per level.
                   A        B        C        D        E       F      G
               +--------+--------+--------+--------+--------+-----+--------+
         Total |   2094 |   2030 |     64 |     44 |   1446 |   4 |  523.5 |
       Dungeon |   2094 |   2030 |     64 |     44 |   1446 |   4 |  523.5 |
               +--------+--------+--------+--------+--------+-----+--------+

Top non-repeatable levels by time:
     D:2: 787 daAuts
     D:1: 721 daAuts
     D:3: 574 daAuts
     D:4: 10 daAuts
